Map: Inside and Out

Players

Steadfast

  • Race: Zerg Zerg
  • Spawn Location: 7:00

Spirit - Winner!

  • Race: Terran Terran
  • Spawn Location: 1:00

Event: DreamHack SC2 Masters 2022 Atlanta (Offline)

VOD

Have the link to the VOD?

Description

Time

  • Played on: Nov. 18, 2022, 10:09 a.m.
  • Length: 6:41

All games in this series

Show
View Real Time Build Order
Export as new Build Order

Steadfast Zerg 

Build Orders: Hatch First 

Get SALT Encoding   

  12  0:00  Drone  
  13  0:14  Overlord  
  13  0:19  Drone  
  14  0:34  Drone x2  
  16  0:48  Hatchery  
  15  0:53  Drone  
  15  0:55  Drone  
  17  0:58  Drone  
  18  1:09  Extractor  
  17  1:13  Spawning Pool  
  17  1:17  Drone  
  17  1:20  Drone  
  18  1:30  Drone  
  19  1:42  Drone  
  20  1:51  Drone  
  21  2:00  Queen x2  
  25  2:02  Zergling x2  
  25  2:03  Zergling x2  
  27  2:15  Drone, Overlord  
  28  2:25  Hatchery  
  28  2:28  Drone  
  27  2:45  Drone x3  
  27  2:46  Drone x2  
  27  2:49  Metabolic Boost  
  32  2:54  Overlord  
  32  2:55  Queen  
  34  3:03  Drone  
  35  3:22  Drone  
  35  3:23  Drone x5  
  35  3:24  Queen  
  43  3:29  Overlord  
  43  3:37  Drone x3  
  43  3:40  Queen  
  48  3:42  Overlord  
  48  3:43  Drone  
  49  3:49  Drone x2  
  49  3:51  Drone x2, Overlord  
  53  4:08  Overlord x2  
  53  4:10  Lair  
  53  4:15  Overlord  
  53  4:16  Drone x5  
  58  4:23  Queen  
  60  4:26  Queen  
  60  4:31  Overlord x2  
  62  4:35  Baneling Nest  
  62  4:38  Drone  
  62  4:40  Spore Crawler x2, Zergling x10  
  62  4:45  Spore Crawler  
  64  4:52  Zergling x12  
  70  5:01  Queen  
  70  5:04  Queen  
  74  5:10  Drone x7  
  74  5:11  Overseer  
  81  5:16  Extractor  
  81  5:17  Extractor  
  79  5:28  Hatchery  
  78  5:34  Drone x3  
  78  5:35  Drone x4  
  84  5:36  Drone x2  
  84  5:42  Baneling  
  87  5:45  Zergling x12  
  78  6:04  Baneling x2  
  84  6:11  Zergling x12  
  84  6:12  Overlord  
  84  6:13  Overlord x2  
  84  6:24  Zergling x4  
Show
View Real Time Build Order
Export as new Build Order

Spirit Terran - Winner!

Build Orders: Reaper Expand, Hellion Banshee 

Get SALT Encoding   

  12  0:00  SCV  
  13  0:12  SCV  
  14  0:17  Supply Depot  
  14  0:24  SCV  
  15  0:38  SCV  
  15  0:40  Barracks  
  16  0:45  Refinery  
  16  0:50  SCV  
  17  1:03  SCV  
  18  1:15  SCV  
  19  1:27  Orbital Command  
  19  1:28  Reaper  
  20  1:41  Command Center  
  20  1:48  Supply Depot  
  20  1:59  SCV  
  20  2:01  Marine  
  22  2:11  SCV  
  22  2:13  Factory  
  23  2:19  Refinery  
  23  2:22  Barracks Reactor  
  23  2:23  SCV  
  24  2:35  SCV  
  25  2:47  SCV  
  26  2:54  Orbital Command  
  26  2:56  Starport  
  26  2:59  SCV  
  31  3:05  Hellion x2  
  31  3:08  Barracks Tech Lab  
  31  3:11  SCV  
  32  3:19  Supply Depot  
  32  3:21  SCV  
  32  3:23  SCV  
  38  3:27  Hellion x2  
  38  3:33  SCV  
  39  3:35  SCV  
  40  3:42  Banshee, Cloaking Field  
  40  3:45  Supply Depot, SCV  
  40  3:46  Marine  
  40  3:48  SCV  
  46  3:50  Hellion  
  46  3:53  Hellion  
  50  3:57  SCV  
  50  4:00  SCV  
  52  4:04  Marine  
  52  4:07  Armory  
  52  4:08  Supply Depot  
  52  4:09  SCV  
  54  4:12  SCV  
  54  4:15  Hellion  
  54  4:16  Hellion  
  59  4:22  SCV  
  59  4:23  Supply Depot  
  60  4:25  SCV  
  60  4:29  Banshee  
  60  4:31  Barracks Tech Lab  
  64  4:34  SCV  
  64  4:37  SCV  
  70  4:38  Hellion x2  
  70  4:46  Supply Depot, SCV  
  70  4:49  Stimpack, Marine  
  70  4:50  SCV  
  73  4:58  Command Center  
  73  5:02  Hellion x2  
  73  5:09  SCV, Factory Reactor, Barracks  
  73  5:11  SCV  
  73  5:12  Barracks  
  75  5:18  Starport Reactor  
  75  5:19  Refinery  
  75  5:21  Refinery  
  75  5:23  Engineering Bay  
  75  5:25  Engineering Bay  
  75  5:26  SCV  
  76  5:31  Marine  
  76  5:33  SCV  
  78  5:38  SCV  
  76  5:47  SCV  
  76  5:48  Marine  
  78  5:59  SCV  
  78  6:00  Barracks, SCV  
  78  6:01  Barracks  
  78  6:02  Marine  
  82  6:11  SCV  
  82  6:12  Orbital Command  
  82  6:13  SCV  
  82  6:14  Marine x4  
  86  6:20  Marine  
  82  6:38  Supply Depot  
Tags
 
Add a new tag
Caveats
  • Supply blocks, unpowered buildings, or Contaminate may cause inaccurate times.
  • Supply counts are checked every 10 seconds.